 Dungeon Crawl Stone Soup version 0.26.1-11-gd32895ea62 (webtiles) character file.

Game seed: 1223804981727753540

16447 Almogavar the Carver (level 12, -25/99 (110) HPs)
             Began as a Minotaur Berserker on May 6, 2021.
             Was the Champion of Trog.
             Killed from afar by an orc sorcerer (38 damage)
             ... with a bolt of fire
             ... while paralysed by an orc sorcerer
             ... on level 2 of the Orcish Mines.
             The game lasted 00:35:51 (13906 turns).

Almogavar the Carver (Minotaur Berserker)          Turns: 13906, Time: 00:35:52

HP:   -25/99 (110)  AC: 11    Str: 34    XL:     12   Next: 10%
MP:   11/11         EV:  2    Int:  4    God:    Trog [******]
Gold: 1765          SH:  0    Dex: 15    Spells: 11/11 levels left

rFire    . . .     SeeInvis .   a - +4 scimitar
rCold    . . .     Faith    .   y - +0 buckler
rNeg     . . .     Spirit   .   F - +2 steam dragon scales
rPois    .         Reflect  .   (helmet restricted)
rElec    .         Harm     .   (no cloak)
rCorr    .         Rampage  .   d - +0 pair of gloves
Will     .....                  c - +0 pair of boots (curse)
Stlth    +.........             B - amulet of the acrobat
HPRegen  0.26/turn              J - +6 ring of dexterity
MPRegen  0.12/turn              m - +6 ring of strength

@: paralysed, heavily drained
A: retaliatory headbutt, horns 2
a: Renounce Religion, Berserk, Trog's Hand, Brothers in Arms


You were on level 2 of the Orcish Mines.
You worshipped Trog.
Trog was exalted by your worship.
You visited 2 branches of the dungeon, and saw 11 of its levels.
You also visited: Bailey.

You collected 1824 gold pieces.
You spent 59 gold pieces at shops.

Inventory:

Hand Weapons
 a - a +4 scimitar (weapon)
 n - a +4 vorpal triple sword
 w - a +2 hunting sling
 z - a +1 scimitar of flaming
 K - a +2 great sword of holy wrath
Missiles
 f - 213 stones
 l - 48 sling bullets
Armour
 c - a cursed +0 pair of boots (worn)
 d - a +0 pair of gloves (worn)
 y - a +0 buckler (worn)
 C - a +0 chain mail
 F - +2 steam dragon scales (worn)
 H - a +0 plate armour
Jewellery
 m - a +6 ring of strength (right hand)
 o - an uncursed ring of resist corrosion
 B - an amulet of the acrobat (around neck)
 J - a +6 ring of dexterity (left hand)
Wands
 k - a wand of random effects (15)
 r - a wand of flame (22)
 s - a wand of disintegration (14)
 u - a wand of iceblast (5)
 D - a wand of paralysis (11)
Scrolls
 b - a scroll of teleportation {unknown}
 g - 3 scrolls of remove curse
 j - 6 scrolls of blinking
 q - a scroll of magic mapping
 t - a scroll of enchant weapon
 G - a scroll of noise {unknown}
Potions
 e - 4 potions of curing
 h - 2 potions of ambrosia
 i - 4 potions of might
 p - a potion of invisibility
 x - a potion of cancellation {unknown}
 A - a potion of berserk rage {unknown}
 E - a potion of resistance {unknown}
Miscellaneous
 I - a phial of floods


   Skills:
 + Level 11.6 Fighting
 + Level 12.3 Long Blades
 + Level 11.9 Slings
 - Level 6.7 Armour
 + Level 7.7 Dodging
 - Level 0.2 Stealth
 + Level 3.8 Shields
 + Level 0.3 Evocations


You had 11 spell levels left.
You didn't know any spells.
Your spell library was empty.

Dungeon Overview and Level Annotations

Branches:
Dungeon (9/15)             Temple (0/1) D:7            Lair (0/6) D:8
    Orc (2/2) D:9             Elf (0/3) Orc:2        Bailey (visited)

Altars:
Dithmenos
Kikubaaqudgha
Trog
Vehumet
Beogh

Shops:
D:8 }   Orc:2 (?

Annotations:
D:8 exclusions: obsidian statue and orange crystal statue


Innate Abilities, Weirdness & Mutations

You reflexively headbutt those who attack you in melee.
You have a pair of horns on your head.


Message History

Something smites you!
You hit the orc sorcerer. You headbutt the orc sorcerer.
The orc sorcerer is severely wounded.
The orc sorcerer casts a spell at you.
You suddenly lose the ability to move!
The orc sorcerer hits you but does no damage.
Found a roughly hewn altar of Beogh.
The orc sorcerer hits you with a +0 dagger.
The orc sorcerer gestures at you while chanting.
The bolt of negative energy hits you!!
You feel drained.
The orc sorcerer hits you but does no damage.
The orc wizard hits you but does no damage.
The orc sorcerer points at you and mumbles some strange words.
The bolt of negative energy hits you!!!
You feel drained.
* * * LOW HITPOINT WARNING * * *
The orc hits you with a +0 short sword.
* * * LOW HITPOINT WARNING * * *
The orc sorcerer casts a spell at you. The bolt of fire hits you!!!
You die...

# ..8..._.§.8..8 §..≈≈...§≈§.§#
§...§≈.≈≈...≈#
#####§..8.≈≈≈.8..§#####
##≈§≈##..o..8.....##≈≈≈##
#≈≈...##.........##...≈≈# ##
###8..##...ooo.##.)8###§##
#≈≈#_.....###'o@###....._#§≈#
#≈.#..........3..........#§≈#
#≈.8.......§..)).........8.≈#
##...)....)§≈≈≈≈≈≈.........##
###..))).).≈#####§........###
#≈#+#)###.).#####...###+#+#≈#
#≈.....##≈.........§##.....§#
#≈..8..##≈.........≈##..8.§§#
##≈§...≈##≈.8..8..8.≈##≈....≈##


You could see a smoke demon (summoned), 2 orc sorcerers, 2 orc wizards and an
orc.

Vanquished Creatures
  Erica (D:8)
  2 two-headed ogres
  2 ogre magi (Orc:2)
  An orc high priest (Orc:2)
  3 orc knights (Orc:1)
  7 orc sorcerers
  Maggie (D:7)
  A komodo dragon (D:7)
  2 trolls
  Prince Ribbit (D:7)
  4 yaks
  A wyvern (D:8)
  2 basilisks (D:8)
  Menkaure (D:7)
  4 wargs
  A water moccasin (D:7)
  12 orc warriors
  3 ice beasts
  2 sky beasts
  A black bear (D:7)
  3 centaurs
  8 ogres
  A big kobold (D:9)
  6 bullfrogs
  10 gnoll sergeants
  2 scorpions
  A centaur zombie (D:9)
  A quasit (D:6)
  2 centaur skeletons
  A jelly (D:7)
  10 hounds
  6 gnoll shamans (Bailey)
  3 orc priests
  Natasha (twice) (D:2)
  2 iguanas (D:7)
  20 orc wizards
  5 worker ants
  A hound zombie (D:6)
  A hound skeleton (D:4)
  A howler monkey zombie (D:7)
  24 gnolls
  9 adders
  3 shadow imps
  2 white imps
  3 ufetubi
  An ooze (D:3)
  3 adder skeletons
  An adder zombie (D:2)
  2 worms (D:3)
  4 dart slugs
  5 leopard geckos
  56 orcs
  A bat zombie (D:2)
  6 giant cockroaches
  5 goblins
  7 hobgoblins
  6 jackals
  4 kobolds
  2 quokkas
  2 ball pythons
  4 bats
  2 frilled lizards (D:1)
  2 jackal skeletons
  2 leopard gecko skeletons (D:5)
  A quokka skeleton (D:2)
  3 rats
298 creatures vanquished.

Vanquished Creatures (others)
  A wizard (D:4)
  4 fungi (D:4)
  7 withered plants
12 creatures vanquished.

Grand Total: 310 creatures vanquished

Notes
Turn   | Place    | Note
-------+----------+-------------------------------------------
     0 | D:1      | Almogavar the Minotaur Berserker began the quest for the
                  | Orb.
     0 | D:1      | Reached XP level 1. HP: 19/19 MP: 0/0
   275 | D:1      | Reached skill level 4 in Long Blades
   275 | D:1      | Reached XP level 2. HP: 27/27 MP: 1/1
   568 | D:1      | Reached XP level 3. HP: 11/33 MP: 2/2
  1193 | D:2      | Noticed Natasha
  1202 | D:2      | Killed Natasha
  1601 | D:2      | Reached skill level 5 in Long Blades
  1621 | D:2      | Noticed Natasha
  1628 | D:2      | Killed Natasha
  1628 | D:2      | Reached ** piety under Trog
  1629 | D:2      | Reached XP level 4. HP: 21/40 MP: 3/3
  1791 | D:2      | Noticed a bullfrog
  1794 | D:2      | Killed a bullfrog
  1795 | D:2      | Reached XP level 5. HP: 47/47 MP: 4/4
  2360 | D:3      | Found a faded altar of an unknown god.
  2833 | D:3      | Reached skill level 6 in Long Blades
  2833 | D:3      | Reached XP level 6. HP: 38/55 MP: 5/5
  3695 | D:4      | Found a bloodstained altar of Trog.
  3929 | D:4      | Reached skill level 5 in Fighting
  3929 | D:4      | Reached skill level 1 in Slings
  3965 | D:4      | Noticed a wizard
  3967 | D:4      | Killed a wizard
  4199 | D:5      | Entered Level 5 of the Dungeon
  4335 | D:5      | Found a shadowy altar of Dithmenos.
  4351 | D:5      | Reached *** piety under Trog
  4595 | D:5      | Reached skill level 5 in Armour
  4843 | D:6      | Reached XP level 7. HP: 24/61 MP: 6/6
  5514 | D:6      | Reached skill level 5 in Slings
  5514 | D:6      | Reached XP level 8. HP: 43/70 MP: 7/7
  6070 | D:7      | Reached skill level 7 in Long Blades
  6305 | D:7      | Noticed Maggie
  6318 | D:7      | Killed Maggie
  6568 | D:7      | Noticed Prince Ribbit
  6574 | D:7      | Killed Prince Ribbit
  6624 | D:7      | Reached XP level 9. HP: 62/78 MP: 8/8
  6718 | D:7      | Noticed Menkaure
  6722 | D:7      | Killed Menkaure
  6743 | D:7      | Noticed a komodo dragon
  6756 | D:7      | Killed a komodo dragon
  6763 | D:7      | Reached skill level 8 in Long Blades
  7054 | D:7      | Found a staircase to the Ecumenical Temple.
  7327 | D:8      | Noticed Erica
  7339 | D:8      | Killed Erica
  7714 | D:8      | Noticed an orange crystal statue
  7746 | D:8      | Noticed a two-headed ogre
  7751 | D:8      | Killed a two-headed ogre
  7751 | D:8      | Reached **** piety under Trog
  7752 | D:8      | Reached skill level 9 in Long Blades
  7752 | D:8      | Reached skill level 5 in Dodging
  7752 | D:8      | Reached XP level 10. HP: 64/90 MP: 6/9
  7766 | D:8      | Noticed an obsidian statue
  7814 | D:8      | Found a flagged portal.
  7823 | Bailey   | Entered a bailey
  8813 | Bailey   | Reached skill level 10 in Long Blades
  8817 | Bailey   | Reached skill level 1 in Shields
  9333 | D:8      | Found an ancient bone altar of Kikubaaqudgha.
  9341 | D:8      | You fall into a shaft and drop 1 floor!
  9408 | D:8      | Found a staircase to the Lair.
  9700 | D:8      | Found Behozxu's Gadget Boutique.
 10146 | D:9      | Reached ***** piety under Trog
 10532 | D:9      | Found a staircase to the Orcish Mines.
 10544 | D:9      | Reached skill level 10 in Slings
 10979 | D:9      | Reached skill level 11 in Long Blades
 11169 | D:9      | Noticed a two-headed ogre
 11181 | D:9      | Killed a two-headed ogre
 11182 | D:9      | Reached XP level 11. HP: 67/99 MP: 10/10
 11469 | Orc:1    | Entered Level 1 of the Orcish Mines
 11469 | Orc:1    | Noticed an orc sorcerer
 11476 | Orc:1    | Killed an orc sorcerer
 11568 | Orc:1    | Reached skill level 10 in Fighting
 11571 | Orc:1    | Noticed an orc knight
 11571 | Orc:1    | Noticed an orc knight
 11749 | Orc:1    | Killed an orc knight
 11934 | Orc:1    | Killed an orc knight
 12275 | Orc:2    | Entered Level 2 of the Orcish Mines
 12603 | Orc:1    | Noticed an orc high priest
 12609 | Orc:2    | Killed an orc high priest
 12651 | Orc:1    | Noticed an orc knight
 12666 | Orc:1    | Killed an orc knight
 13197 | Orc:2    | Reached skill level 12 in Long Blades
 13204 | Orc:2    | Found a staircase to the Elven Halls.
 13303 | Orc:2    | Noticed an ogre mage
 13330 | Orc:2    | Killed an ogre mage
 13411 | Orc:2    | Noticed an orc sorcerer
 13422 | Orc:2    | Killed an orc sorcerer
 13444 | Orc:2    | Noticed an orc sorcerer
 13445 | Orc:2    | Received a gift from Trog
 13458 | Orc:2    | Killed an orc sorcerer
 13461 | Orc:2    | Reached ****** piety under Trog
 13473 | Orc:2    | Found Upsintyo's Antique Weapon Shoppe.
 13490 | Orc:2    | Found Lacasumo's Magic Scroll Emporium.
 13515 | Orc:2    | Bought a scroll of magic mapping for 59 gold pieces
 13556 | Orc:2    | Found a radiant altar of Vehumet.
 13559 | Orc:2    | Noticed an ogre mage
 13559 | Orc:2    | Noticed an orc sorcerer
 13580 | Orc:2    | Killed an ogre mage
 13581 | Orc:2    | Killed an orc sorcerer
 13708 | Orc:2    | Noticed an orc sorcerer
 13723 | Orc:2    | Noticed a sixfirhy
 13726 | Orc:2    | Killed an orc sorcerer
 13727 | Orc:2    | Reached XP level 12. HP: 96/110 MP: 11/11
 13836 | Orc:2    | Found an ancient bone altar of Kikubaaqudgha.
 13903 | Orc:2    | Paralysed by an orc sorcerer for 6 turns
 13903 | Orc:2    | Found a roughly hewn altar of Beogh.
 13906 | Orc:2    | Killed from afar by an orc sorcerer

Illustrated notes

Levels and vault maps discovered:
D:1:      dpeg_arrival_radiant, layout_loops_ring, minmay_domino_4
D:2:      layout_loops_cross, serial_undead, serial_undead_a, serial_undead_f,
          serial_undead_d, serial_undead_d, serial_undead_f, uniq_natasha
D:3:      layout_basic, chequers_ecumenical_altar_simple_redux,
          cheibrodos_gnoll_hut
D:4:      layout_loops_ring, serial_aquarium, aquarium_bridge_square
          [aquarium_subvault_balcony, aquarium_subvault_bridge,
          aquarium_subvault_bridge, aquarium_subvault_window],
          aquarium_window_1, aquarium_window_fake, aquarium_window_1,
          aquarium_view_2e, aquarium_view_2d, aquarium_pool_side, trog_wizard
D:5:      minmay_chambers_of_fours, layout_basic,
          grunt_dithmenos_smoke_and_mirrors
D:6:      layout_rooms
D:7:      layout_loops_ring, minmay_temple_entry_crystal_x,
          minmay_chambers_of_fives, uniq_maggie, uniq_menkaure,
          uniq_prince_ribbit1
D:8:      minmay_separated_statues, layout_basic, kiku_gazebo_garden_becter,
          david_lair_generic, enter_bailey_6, serial_shops, shop, uniq_erica
D:9:      layout_loops_corners, kennysheep_orc_monster_closet_entryway
Orc:1:    cheibrodos_orc_arena, layout_caves
Orc:2:    kennysheep_orc_mage_school, layout_diamond_mine

Skill      XL: |  1  2  3  4  5  6  7  8  9 10 11 |
---------------+----------------------------------+-----
Long Blades    | 4 5 6 7 9 11 12 | 12.3
Fighting       | 4 5 6 8 9 11 | 11.6
Armour         | 3 4 5 6 |  6.7
Dodging        | 3 4 5 6 7 |  7.7
Slings         | 2 5 7 9 10 11 | 11.9
Shields        | 2 3 |  3.8
Stealth        | |  0.2
Evocations     | |  0.3

Action                   |  1- 3 |  4- 6 |  7- 9 | 10-12 || total
-------------------------+-------+-------+-------+-------++-------
Melee: Falchion          |    48 |    85 |    71 |       ||   204
       Headbutt          |    10 |    13 |    27 |    93 ||   143
       Scimitar          |       |       |    66 |   255 ||   321
 Fire: Hunting sling     |       |    64 |    97 |   246 ||   407
Invok: Berserk           |     1 |     1 |     3 |     5 ||    10
Evoke: Wand              |       |       |       |     2 ||     2
  Use: Scroll            |     4 |     8 |     5 |     2 ||    19
Armor: Ring mail         |    14 |     2 |       |       ||    16
       Scale mail        |       |    39 |    28 |       ||    67
       Steam dragon scal |       |       |    14 |    77 ||    91
Dodge: Dodged            |    41 |    63 |    88 |   223 ||   415
Block: Buckler           |       |       |     1 |    52 ||    53
       Rpst.: Falchion   |    12 |    14 |     8 |       ||    34
       Scimitar          |       |       |     9 |    47 ||    56
